 Dungeon Crawl Stone Soup version 0.25-a0-96-g4073cf8 (webtiles) character file.

Game seed: 1423269005374389343, levelgen mode: deterministic

12107 15roger15 the Caller (level 11, -4/81 HPs)
             Began as a Merfolk Summoner on Nov 7, 2019.
             Was a Believer of Sif Muna.
             Slain by a hippogriff (7 damage)
             ... on level 11 of the Dungeon on Nov 11, 2019.
             The game lasted 02:09:52 (15613 turns).

15roger15 the Caller (Merfolk Summoner)            Turns: 15613, Time: 02:09:53

Health: -4/81      AC: 12    Str: 10    XL:     11   Next: 88%
Magic:  28/31      EV: 16    Int: 17    God:    Sif Muna [**....]
Gold:   397        SH:  5    Dex: 14    Spells: 2/24 levels left

rFire    + . .     SeeInvis .   q - +2 dagger (venom)
rCold    . . .     Gourm    .   g - +0 buckler
rNeg     . . .     Faith    .   Q - +3 leather armour of Depression {rElec rF+}
rPois    .         Spirit   .   z - +2 helmet
rElec    +         Reflect  .   G - +0 cloak
rCorr    .         Harm     .   A - +0 pair of gloves
MR       .....                  J - +0 pair of boots
Stlth    +++.......             (no amulet)
HPRegen  0.23/turn              r - ring of magical power
MPRegen  0.22/turn              y - ring of wizardry

@: no status effects
A: change form in water, swift swim, stealthy swim
a: Channel Magic, Renounce Religion


You were on level 11 of the Dungeon.
You worshipped Sif Muna.
Sif Muna was pleased with you.
You were very hungry.

You visited 2 branches of the dungeon, and saw 13 of its levels.

You collected 727 gold pieces.
You spent 330 gold pieces at shops.

Inventory:

Hand Weapons
 f - the +1 hunting sling "Lorem Ipsum" {speed, rC+ Int+3 Dex+3}
   (You found it on level 4 of the Dungeon)

   Attacks with this weapon are significantly faster.
   It affects your intelligence (+3).
   It affects your dexterity (+3).
   It protects you from cold.
 q - a +2 dagger of venom (weapon)
 D - a +1 short sword of speed
 I - a +1 whip of flaming
Missiles
 d - 408 stones
 i - 89 sling bullets
 u - a throwing net (quivered)
Armour
 g - a +0 buckler (worn)
 z - a +2 helmet (worn)
 A - a +0 pair of gloves (worn)
 G - a +0 cloak (worn)
 H - a +1 robe of resistance
 J - a +0 pair of boots (worn)
 M - a +2 robe of fire resistance
 P - a +0 troll leather armour
 Q - the +3 leather armour of Depression (worn) {rElec rF+}
   (You found it on level 11 of the Dungeon)

   It protects you from fire.
   It insulates you from electricity.
Magical Staves
 t - an uncursed staff of earth
 K - an uncursed staff of fire
Jewellery
 r - a ring of magical power (left hand)
 v - a +3 ring of evasion
 y - a ring of wizardry (right hand)
 O - an uncursed ring of positive energy
Wands
 o - a wand of digging (8)
 E - a wand of flame (54)
Scrolls
 a - 2 scrolls of magic mapping
 k - 3 scrolls of remove curse
 w - a scroll of fear {unknown}
 F - a scroll of amnesia {unknown}
 L - 2 scrolls of fog
Potions
 h - a potion of lignification
 j - 2 potions of mutation
 l - 2 potions of ambrosia
 m - 2 potions of agility
 n - 3 potions of brilliance
 p - 7 potions of curing
 x - a potion of berserk rage
 B - 2 potions of haste
 C - a potion of flight {unknown}
 N - a potion of invisibility
Miscellaneous
 b - a lightning rod (4/4)
Comestibles
 c - 18 rations


   Skills:
 * Level 6.1 Fighting
 * Level 7.4 Short Blades
 + Level 0.4 Armour
 * Level 7.5 Dodging
 * Level 7.3 Stealth
 + Level 4.1 Shields
 * Level 7.3 Spellcasting
 + Level 0.8 Conjurations
 + Level 1.7 Hexes
 * Level 7.8 Summonings
 * Level 6.9 Ice Magic
 + Level 0.3 Air Magic
 + Level 0.1 Poison Magic
 * Level 4.8 Invocations
 * Level 4.0 Evocations


You had 2 spell levels left.
You knew the following spells:

 Your Spells              Type           Power        Failure   Level  Hunger
a - Summon Small Mammal   Summ           ####         1%          1    None
b - Call Imp              Summ           ####....     1%          2    None
c - Call Canine Familiar  Summ           ####....     1%          3    ##.....
d - Summon Ice Beast      Ice/Summ       ####....     3%          4    ####...
e - Freeze                Ice            ####         1%          1    None
f - Summon Guardian Gole  Hex/Summ       ###.....     2%          3    ##.....
g - Throw Icicle          Conj/Ice       ###.....     12%         4    ####...
h - Magic Dart            Conj           #...         4%          1    None
i - Mephitic Cloud        Conj/Pois/Air  #.......     16%         3    ##.....

Your spell library contained the following spells:

 Spells                   Type           Power        Failure   Level  Hunger
 Ensorcelled Hibernation  Hex/Ice        ###...       1%          2    None
 Throw Frost              Conj/Ice       ###...       1%          2    None
 Corona                   Hex            ##.....      3%          1    None
 Slow                     Hex            ##......     4%          2    None
 Blink                    Tloc           N/A          9%          2    None
 Ozocubu's Armour         Chrm/Ice       ###.....     4%          3    ##.....
 Confuse                  Hex            ##......     9%          3    ##.....
 Tukima's Dance           Hex            ##......     9%          3    ##.....
 Dazzling Spray           Conj/Hex       ##....       11%         3    ##.....
 Summon Lightning Spire   Summ/Air       ###.....     12%         4    ####...
 Conjure Flame            Conj/Fire      #.......     16%         3    ##.....


Dungeon Overview and Level Annotations

Branches:
Dungeon (12/15)            Temple (1/1) D:4            Lair (0/6) D:9
    Orc (0/2) D:10

Altars:
Ashenzari
Cheibriados
Dithmenos
Elyvilon
Fedhas
Gozag
Hepliaklqana
Kikubaaqudgha
Makhleb
Nemelex Xobeh
Okawaru
Qazlal
Ru
Sif Muna
Trog
Uskayaw
Vehumet
Wu Jian
Xom
Yredelemnul
Zin
The Shining One

Shops:
D:7 =   D:8 =

Annotations:
D:12 Frances


Message History

The hippogriff is severely wounded.
The hippogriff bites you but does no damage.
The hippogriff pecks you but does no damage.
The hippogriff claws you.
* * * LOW HITPOINT WARNING * * *
You hit the hippogriff.
The hippogriff looks as sick as possible!
The hippogriff is almost dead.
You closely miss the hippogriff.
The hippogriff is almost dead.
The hippogriff bites you!
* * * LOW HITPOINT WARNING * * *
The hippogriff pecks you but does no damage.
The hippogriff claws you!
* * * LOW HITPOINT WARNING * * *
Casting: Summon Ice Beast (safe; 3% risk of failure)
Confirm with . or Enter, or press ? or * to list all spells.
A guardian golem appears, shielding your allies.
The hippogriff bites you!
You die...

#..# #.....###.#.# #.... #..#
#.........#.# #)##.
#..#####.....#####.# #.##.
#......#.....# #.######.###
#.####.#.#.#######.#.........
#.# #.#.#.................##
#.# #.#.#####.##..######..##
#.# #.#.# ###.##.##.........
#.####.#.# #@8....##.#####...
#.##.....###H#.#..##.# #.##
#.##.###.......#..##.# #.#
#....# #...#.###..##.# #.##
####.###.#........##.#####...
#.....####..............##
###.######.######.####### #.#
#.....# #.# #.####.>...# #.#


You could see a hippogriff and a friendly guardian golem.

Vanquished Creatures
  A two-headed ogre (D:12)
  2 orc knights
  An ugly thing (D:11)
  A cyclops (D:12)
  Psyche (D:9)
  2 centaur skeletons (D:12)
  A komodo dragon (D:11)
  A kobold demonologist (D:11)
  4 trolls (D:11)
  4 hornets
  2 hippogriffs
  7 yaks
  A soldier ant (D:8)
  Duvessa (D:6)
  2 sky beasts
  An orc warrior (D:12)
  An ice beast (D:12)
  4 ogres
  A phantom (D:6)
  A necrophage (D:9)
  5 centaurs
  4 bullfrogs
  Dowan (D:6)
  A wyvern skeleton (D:8)
  3 killer bees (D:12)
  3 wights
  A howler monkey (D:8)
  A centaur zombie (D:7)
  5 crimson imps
  A bullfrog zombie (D:12)
  A hound (D:7)
  A bullfrog skeleton (D:8)
  2 orc priests
  5 orc wizards
  6 iguanas
  9 worker ants
  A hound zombie (D:11)
  A hound skeleton (D:7)
  2 worker ant zombies
  7 adders
  2 shadow imps
  An adder zombie (D:7)
  An adder skeleton (D:6)
  2 worms
  A dart slug (D:5)
  4 leopard geckos
  23 orcs
  7 bats
  7 giant cockroaches
  9 goblins
  5 hobgoblins
  9 jackals
  7 kobolds
  A quokka (D:3)
  3 ball pythons
  6 frilled lizards
  8 rats
195 creatures vanquished.

Vanquished Creatures (collateral kills)
  An ugly thing (D:12)
  2 trolls
  2 hippogriffs
  Sigmund (D:6)
  3 yaks
  A wraith (D:11)
  A water moccasin (D:8)
  An orc warrior (D:7)
  2 ice beasts
  A phantom (D:5)
  A black bear (D:8)
  An ogre (D:6)
  2 centaurs
  2 bullfrogs
  A wyvern skeleton (D:12)
  A scorpion (D:4)
  5 wights
  A howler monkey (D:8)
  2 centaur skeletons
  3 hounds
  3 orc wizards
  2 worker ants
  A hound skeleton (D:5)
  2 adders
  A shadow imp (D:6)
  An adder skeleton (D:4)
  2 worms (D:4)
  A leopard gecko (D:1)
  11 orcs
  3 bats
  2 giant cockroaches (D:1)
  2 goblins (D:1)
  4 hobgoblins
  4 jackals
  A kobold (D:1)
  A ball python (D:1)
  A jackal skeleton (D:5)
  5 rats
81 creatures vanquished.

Vanquished Creatures (others)
  Pikel (D:7)
  A cyclops (D:11)
  2 hippogriffs (D:7)
4 creatures vanquished.

Grand Total: 280 creatures vanquished

Notes
Turn   | Place    | Note
-------+----------+-------------------------------------------
     0 | D:1      | 15roger15 the Merfolk Summoner began the quest for the Orb.
     0 | D:1      | Reached XP level 1. HP: 13/13 MP: 3/3
   435 | D:1      | Reached XP level 2. HP: 6/19 MP: 0/5
   439 | D:1      | Learned a level 2 spell: Call Imp
   952 | D:1      | Reached XP level 3. HP: 15/24 MP: 6/6
   977 | D:1      | Learned a level 3 spell: Call Canine Familiar
  2004 | D:2      | Reached skill level 1 in Short Blades
  2220 | D:3      | Reached XP level 4. HP: 31/31 MP: 4/7
  2447 | D:3      | Reached skill level 1 in Fighting
  2529 | D:3      | Reached skill level 1 in Shields
  2993 | D:4      | Found a staircase to the Ecumenical Temple.
  3002 | D:4      | Reached XP level 5. HP: 24/37 MP: 1/8
  3044 | Temple   | Entered the Ecumenical Temple
  3313 | D:4      | Identified the cursed +1 hunting sling "Lorem Ipsum"
                  | {speed, rC+ Int+3 Dex+3} (You found it on level 4 of the
                  | Dungeon)
  3444 | D:4      | Noticed an ogre
  3613 | D:4      | Reached XP level 6. HP: 43/43 MP: 1/10
  3623 | D:4      | Learned a level 4 spell: Summon Ice Beast
  3750 | D:4      | Reached skill level 5 in Summonings
  3921 | D:5      | Entered Level 5 of the Dungeon
  3921 | D:5      | Noticed an ice beast
  3938 | D:5      | Killed an ice beast
  3956 | D:5      | Reached skill level 1 in Ice Magic
  3972 | D:5      | Learned a level 1 spell: Freeze
  4142 | D:4      | Reached XP level 7. HP: 49/49 MP: 3/11
  4892 | D:5      | Upgraded the game from 0.25-a0-84-g11f2770 to
                  | 0.25-a0-96-g4073cf8
  5328 | D:5      | Reached XP level 8. HP: 57/57 MP: 2/13
  5343 | D:5      | Got a dull robe
  5356 | D:5      | Identified the cursed +0 robe "Ihaimoc" {rPois rF- Str+2
                  | Int+4} (You found it on level 5 of the Dungeon)
  5467 | D:6      | Noticed Sigmund
  5473 | D:6      | Noticed Duvessa
  5487 | D:6      | Killed Duvessa
  5487 | D:6      | Reached skill level 5 in Dodging
  5488 | D:6      | Noticed Dowan
  5504 | D:6      | Killed Dowan
  5755 | D:6      | Reached skill level 5 in Stealth
  6088 | D:6      | Learned a level 3 spell: Summon Guardian Golem
  6519 | D:6      | Killed Sigmund
  6661 | D:7      | Noticed a hippogriff
  6779 | D:7      | Noticed a hippogriff
  6795 | D:7      | Killed a hippogriff
  7059 | D:7      | Killed a hippogriff
  7059 | D:7      | Reached XP level 9. HP: 55/64 MP: 2/15
  7365 | D:7      | Found Kovameig's Jewellery Boutique.
  7368 | D:7      | Bought an uncursed ring of wizardry for 330 gold pieces
  7809 | D:7      | Found a shimmering blue altar of Sif Muna.
  7809 | D:7      | Found a glowing golden altar of the Shining One.
  7815 | D:7      | Became a worshipper of Sif Muna the Loreminder
  7855 | D:7      | Noticed Pikel
  7883 | D:7      | Killed Pikel
  7883 | D:7      | Reached skill level 5 in Short Blades
  8201 | D:8      | Reached skill level 5 in Spellcasting
  8201 | D:8      | Reached skill level 1 in Evocations
  8460 | D:8      | Found Miwiewn's Jewellery Shop.
  8464 | D:8      | Reached skill level 1 in Hexes
  8534 | D:8      | Reached skill level 1 in Invocations
  8534 | D:8      | Reached XP level 10. HP: 50/72 MP: 9/17
  8540 | D:8      | Learned a level 4 spell: Throw Icicle
  8795 | D:8      | Reached skill level 5 in Ice Magic
  9528 | D:9      | Noticed Psyche
  9760 | D:9      | Killed Psyche
  9906 | D:9      | Found a staircase to the Lair.
 10582 | D:10     | Entered Level 10 of the Dungeon
 10743 | D:10     | Reached * piety under Sif Muna
 10768 | D:10     | Found a staircase to the Orcish Mines.
 11923 | D:11     | Noticed a cyclops
 11988 | D:11     | Killed a cyclops
 12022 | D:11     | Reached skill level 5 in Fighting
 12167 | D:11     | Reached XP level 11. HP: 61/79 MP: 12/20
 12900 | D:11     | Learned a level 1 spell: Magic Dart
 13353 | D:11     | Noticed an orc knight
 13370 | D:11     | Noticed a white ugly thing
 13381 | D:11     | Killed an orc knight
 13453 | D:12     | Noticed a cyclops
 13705 | D:11     | Killed a white ugly thing
 13863 | D:12     | Noticed Frances
 13876 | D:12     | Learned a level 3 spell: Mephitic Cloud
 14125 | D:12     | Killed a cyclops
 14252 | D:12     | Noticed a two-headed ogre
 14256 | D:12     | Reached ** piety under Sif Muna
 14269 | D:12     | Noticed a purple ugly thing
 14286 | D:12     | Killed a purple ugly thing
 14447 | D:12     | Killed a two-headed ogre
 14469 | D:12     | Noticed a deep elf mage
 14754 | D:11     | Got a translucent leather armour
 14765 | D:11     | Identified the +3 leather armour of Depression {rElec rF+}
                  | (You found it on level 11 of the Dungeon)
 15310 | D:12     | Noticed an orc knight
 15341 | D:12     | Killed an orc knight
 15606 | D:12     | Noticed a manticore
 15612 | D:11     | HP: 3/81 [hippogriff (7)]
 15613 | D:11     | Slain by a hippogriff

Levels and vault maps discovered:
D:1:      dpeg_arrival_prison, layout_basic
D:2:      wander_river, layout_loops_ring, hangedman_decor_lopped,
          kennysheep_generic_room_12
D:3:      layout_basic
D:4:      layout_rooms, minmay_temple_entry_purple_smoke, first_ration,
          kennysheep_potato
D:5:      layout_gridville, kennysheep_path_1, grunt_ministairs_14
D:6:      layout_loops_ring, uniq_duvessa, uniq_sigmund
D:7:      layout_basic, gammafunk_temple_overflow_wave, serial_shops,
          kennysheep_mini_moat, uniq_pikel
D:8:      layout_layer_cave, serial_shops, shop, hangedman_pestilent_swarm
D:9:      layout_gridville, lair_entry_dummy, uniq_psyche
D:10:     layout_basic, orc_0_dummy, minmay_misc_feat_doors
D:11:     minmay_inside_and_out, layout_loops_ring
D:12:     layout_small_grid, minmay_pinched_square, uniq_frances
Temple:   regret_index_temple_chain_breaker

Skill      XL: |  1  2  3  4  5  6  7  8  9 10 11 |
---------------+----------------------------------+-----
Dodging        | 3 4 5 6 7 |  7.5
Short Blades   | 1 2 3 4 5 7 |  7.4
Fighting       | 1 2 3 4 5 6 |  6.1
Shields        | 1 2 3 4 |  4.1
Stealth        | 3 4 5 6 7 |  7.3
Spellcasting   | 3 4 5 6 7 |  7.3
Summonings     | 5 6 7 |  7.8
Ice Magic      | 1 2 3 4 5 6 |  6.9
Evocations     | 1 2 4 |  4.0
Hexes          | 1 |  1.7
Invocations    | 1 4 |  4.8
Armour         | |  0.4
Conjurations   | |  0.8
Air Magic      | |  0.3
Poison Magic   | |  0.1

Action                   |  1- 3 |  4- 6 |  7- 9 | 10-12 || total
-------------------------+-------+-------+-------+-------++-------
Melee: Unarmed           |    65 |       |       |       ||    65
       Dagger            |   123 |   109 |   109 |   383 ||   724
       Short sword       |       |       |   268 |    52 ||   320
       Whip              |       |       |       |    36 ||    36
       Staff             |       |       |       |     2 ||     2
 Fire: Hunting sling     |       |     3 |       |       ||     3
Throw: Throwing net      |       |     2 |       |       ||     2
 Cast: Summon Small Mamm |    14 |    10 |     9 |     8 ||    41
       Call Imp          |    10 |     9 |    36 |     2 ||    57
       Call Canine Famil |     2 |    12 |    29 |     4 ||    47
       Freeze            |       |       |    19 |    18 ||    37
       Summon Guardian G |       |       |    16 |    35 ||    51
       Throw Icicle      |       |       |       |    48 ||    48
       Summon Ice Beast  |       |       |       |    42 ||    42
       Magic Dart        |       |       |       |     9 ||     9
       Mephitic Cloud    |       |       |       |     6 ||     6
Evoke: Wand              |       |       |     2 |     2 ||     4
  Use: Scroll            |     5 |     5 |     8 |    15 ||    33
       Potion            |       |       |     2 |     5 ||     7
 Stab: Sleeping          |     4 |     5 |    11 |     8 ||    28
       Distracted        |     1 |     1 |     4 |     4 ||    10
       Confused          |       |       |       |     3 ||     3
  Eat: Chunk             |     6 |     8 |    16 |    23 ||    53
       Ration            |       |       |     1 |     5 ||     6
Armor: Robe              |    46 |     8 |    36 |    34 ||   124
       Troll leather arm |       |       |       |    30 ||    30
       Leather armour    |       |       |       |    18 ||    18
Dodge: Dodged            |   125 |    61 |   182 |   306 ||   674
Block: Buckler           |    16 |    19 |    69 |    85 ||   189

Table legend:
 A = Non-vault XP
 B = Vault XP
 C = Vault XP percentage of total XP
 D = Non-vault monster count
 E = Vault monster count
 F = Vault count percentage of total count
                 A         B        C        D         E       F
            +---------+---------+-------+---------+---------+-------
      Total |   10924 |    6373 |  36.8 |     249 |      31 |  11.1
            +---------+---------+-------+---------+---------+-------
        D:1 |      46 |       3 |   6.1 |      34 |       2 |   5.6
        D:2 |      24 |       2 |   7.7 |      15 |       2 |  11.8
        D:3 |      59 |       0 |   0.0 |      26 |       0 |   0.0
        D:4 |     411 |      34 |   7.6 |      20 |       1 |   4.8
        D:5 |     574 |      70 |  10.9 |      18 |       2 |  10.0
        D:6 |     563 |     227 |  28.7 |      26 |       3 |  10.3
        D:7 |    1517 |     454 |  23.0 |      26 |       1 |   3.7
        D:8 |    1512 |     978 |  39.3 |      22 |       4 |  15.4
        D:9 |    1147 |     282 |  19.7 |      24 |       1 |   4.0
       D:10 |     382 |       0 |   0.0 |       9 |       0 |   0.0
       D:11 |    1578 |    3433 |  68.5 |      12 |      12 |  50.0
       D:12 |    3111 |     890 |  22.2 |      17 |       3 |  15.0
            +---------+---------+-------+---------+---------+-------
